[Event "24th European Women Club Cup 2019"]
[Site "Ulcinj"]
[Date "2019.11.13"]
[Round "4.18"]
[White "Velikic, Adela"]
[Black "Krasteva, Beloslava"]
[Result "1-0"]
[ECO "B24"]
[WhiteElo "2275"]
[BlackElo "2261"]
[Annotator "NA"]
[PlyCount "112"]
[EventDate "2019.11.10"]
[EventType "team-tourn"]
[EventCountry "MNE"]
[SourceTitle "playchess.com"]
[Source "ChessBase"]
[SourceQuality "1"]
[WhiteTeam "Jelica PEP"]
[BlackTeam "Asseco SEE"]
[TimeControl "40/5400+30:1800+30"]

1. e4 c5 2. Nc3 Nc6 3. Nf3 e5 4. Bc4 Be7 5. d3 d6 6. h3 Nf6 7. a4 a6 8. O-O O-O 9. Bg5 Be6 10. Bxf6 Bxf6 11. Nd5 Rb8 12. a5 Bxd5 13. Bxd5 Nxa5 14. Qd2 b6 15. c3 Qc8 16. b4 Nc6 17. Bxc6 Qxc6 18. Rxa6 cxb4 19. cxb4 d5 20. Rc1 Qd7 21. Qa2 dxe4 22. dxe4 Rfc8 23. Rxc8+ Qxc8 24. Kh2 h6 25. Ra7 Rb7 26. Ra8 Rb8 27. Rxb8 Qxb8 28. Qd5 b5 29. g3 g6 30. Kg2 Kg7 31. Ne1 Be7 32. Nd3 f6 33. Qd7 Kf7 34. Nc5 Qb6 35. Qd5+ Kg7 36. Ne6+ Kh7 37. Nc5 Kg7 38. h4 h5 39. Ne6+ Kh7 40. Nc5 Kg7 41. Qd7 Kf7 42. Kh3 Kf8 43. Ne6+ Kf7 44. Nc7 Qb8 45. Kg2 Qd8 46. Qe6+ Kf8 47. Nd5 Qd6 48. Qc8+ Kf7 49. Qb7 f5 50. Qxb5 fxe4 51. Qb7 Ke6 52. Nxe7 Qxe7 53. Qxe7+ Kxe7 54. Kf1 e3 55. f3 Kd6 56. Ke2 Kd5 1-0

[Event "24th European Women Club Cup 2019"]
[Site "Ulcinj"]
[Date "2019.11.13"]
[Round "4.19"]
[White "Djukic, Sandra"]
[Black "Eric, Jovana"]
[Result "1/2-1/2"]
[ECO "A12"]
[WhiteElo "2148"]
[BlackElo "2314"]
[Annotator "NA"]
[PlyCount "83"]
[EventDate "2019.11.10"]
[EventType "team-tourn"]
[EventCountry "MNE"]
[SourceTitle "playchess.com"]
[Source "ChessBase"]
[SourceQuality "1"]
[WhiteTeam "Asseco SEE"]
[BlackTeam "Jelica PEP"]
[TimeControl "40/5400+30:1800+30"]

1. Nf3 d5 2. c4 c6 3. b3 Nf6 4. Bb2 Bf5 5. e3 e6 6. Be2 h6 7. O-O Bd6 8. d3 O-O 9. Nc3 Bh7 10. Re1 Nbd7 11. Qd2 e5 12. cxd5 Nxd5 13. Nxd5 cxd5 14. Rec1 Qe7 15. Qa5 Nb6 16. a3 Kh8 17. g3 f5 18. d4 e4 19. Ne5 g5 20. Bc3 f4 21. Bb4 Rad8 22. Bh5 Qf6 23. Bxd6 Rxd6 24. Ra2 Nd7 25. Nxd7 Rxd7 26. Qd2 Qe6 27. g4 Bg6 28. Bxg6 Qxg6 29. Rac2 Qe6 30. h3 h5 31. Qb4 Rdf7 32. Rc7 fxe3 33. fxe3 Qf6 34. Rxf7 Qxf7 35. Qd6 Kg8 36. Qe5 Qf2+ 37. Kh1 Qf3+ 38. Kh2 Qe2+ 39. Kh1 Qf3+ 40. Kh2 Qf2+ 41. Kh1 Qf3+ 42. Kh2 1/2-1/2

[Event "24th European Women Club Cup 2019"]
[Site "Ulcinj"]
[Date "2019.11.13"]
[Round "4.20"]
[White "Blagojevic, Tijana"]
[Black "Manova, Ivana"]
[Result "1-0"]
[ECO "C50"]
[WhiteElo "2169"]
[BlackElo "1795"]
[Annotator "NA"]
[PlyCount "85"]
[EventDate "2019.11.10"]
[EventType "team-tourn"]
[EventCountry "MNE"]
[SourceTitle "playchess.com"]
[Source "ChessBase"]
[SourceQuality "1"]
[WhiteTeam "Jelica PEP"]
[BlackTeam "Asseco SEE"]
[TimeControl "40/5400+30:1800+30"]

1. e4 e5 2. Nf3 Nc6 3. Bc4 Bc5 4. O-O Nf6 5. d3 d6 6. a4 a6 7. c3 Ba7 8. Na3 h6 9. Nc2 O-O 10. Be3 Be6 11. Bxe6 fxe6 12. Bxa7 Rxa7 13. a5 Qe8 14. Ne3 Qh5 15. b4 Ne7 16. Nd2 Qg5 17. Qb3 d5 18. exd5 exd5 19. Ne4 Nxe4 20. dxe4 Kh8 21. Nxd5 Ng6 22. Qc2 Nh4 23. Ne3 Rf4 24. Kh1 Qh5 25. Qd1 Qg5 26. g3 Nf3 27. gxf4 Qxf4 28. Kg2 Nh4+ 29. Kh3 Nf3 30. Rh1 Ng5+ 31. Kg2 Qxe4+ 32. f3 Qxe3 33. Re1 Qxc3 34. Rc1 Qxb4 35. Rxc7 Ra8 36. Rxe5 Rf8 37. Qa1 Qd2+ 38. Kh1 Rg8 39. Re8 Nf7 40. Rxf7 Qg5 41. Rff8 Rxf8 42. Rxf8+ Kh7 43. Qb1+ 1-0

[Event "24th European Women Club Cup 2019"]
[Site "Ulcinj"]
[Date "2019.11.13"]
[Round "4.21"]
[White "Lahav, Michal"]
[Black "Ushenina, Anna"]
[Result "1/2-1/2"]
[ECO "A06"]
[WhiteElo "2221"]
[BlackElo "2439"]
[Annotator "NA"]
[PlyCount "87"]
[EventDate "2019.11.10"]
[EventType "team-tourn"]
[EventCountry "MNE"]
[SourceTitle "playchess.com"]
[Source "ChessBase"]
[SourceQuality "1"]
[WhiteTeam "Rishon Lezion"]
[BlackTeam "Ugra"]
[TimeControl "40/5400+30:1800+30"]

1. Nf3 d5 2. b3 c5 3. g3 Nc6 4. Bb2 d4 5. Bg2 g6 6. O-O Bg7 7. d3 Nf6 8. c3 O-O 9. cxd4 cxd4 10. Nbd2 Nd5 11. Rc1 h6 12. Rxc6 bxc6 13. Nxd4 Bb7 14. Qa1 e5 15. N4f3 f6 16. d4 exd4 17. Bxd4 Qe7 18. e4 Nc7 19. Nh4 Kh7 20. Qd1 Qd7 21. Be3 Rad8 22. Bf3 Bc8 23. Qc2 Ne6 24. e5 f5 25. Qxc6 Qxc6 26. Bxc6 Bxe5 27. Nc4 Bb8 28. Re1 Rf6 29. Bg2 Rf7 30. Na5 Re8 31. Nc6 Bb7 32. Nxb8 Bxg2 33. Kxg2 Rxb8 34. Bxa7 Re8 35. Be3 f4 36. Bd2 fxg3 37. hxg3 Ra7 38. a4 Nc7 39. Rh1 Nd5 40. Nf3 h5 41. g4 Nf6 42. gxh5 Nxh5 43. Rh4 Kg8 44. a5 1/2-1/2

[Event "24th European Women Club Cup 2019"]
[Site "Ulcinj"]
[Date "2019.11.13"]
[Round "4.22"]
[White "Girya, Olga"]
[Black "Reprun, Nadejda"]
[Result "1-0"]
[ECO "D12"]
[WhiteElo "2476"]
[BlackElo "1989"]
[Annotator "ChessBase"]
[PlyCount "111"]
[EventDate "2019.11.10"]
[EventType "team-tourn"]
[EventCountry "MNE"]
[SourceTitle "playchess.com"]
[Source "ChessBase"]
[SourceQuality "1"]
[WhiteTeam "Ugra"]
[BlackTeam "Rishon Lezion"]
[TimeControl "40/5400+30:1800+30"]

1. d4 d5 2. c4 c6 3. Nf3 Nf6 4. e3 Bf5 5. Nc3 e6 6. Nh4 Bg4 7. Qb3 Qb6 8. f3 Bh5 9. g4 Bg6 10. Nxg6 hxg6 11. g5 Ng8 12. Bd2 Bd6 13. f4 Qxb3 14. axb3 Ne7 15. c5 Bc7 16. b4 Kd7 17. Kf2 Nf5 18. Bd3 Na6 19. Ne2 Nb8 20. Ng3 Ke7 21. Nxf5+ gxf5 22. h4 a6 23. b5 cxb5 24. Bxb5 Nc6 25. Be2 f6 26. gxf6+ gxf6 27. h5 Rag8 28. b4 e5 29. Bf3 Ke6 30. Rag1 Ne7 31. Rb1 Nc6 32. b5 axb5 33. Rxb5 Nd8 34. Rd1 e4 35. Be2 Rg7 36. Rg1 Rxg1 37. Kxg1 Rh7 38. Kf2 Rg7 39. Rb1 Rg8 40. Bc3 Rg7 41. Ra1 Rg8 42. Ra8 Rg7 43. Bb5 Nc6 44. Bxc6 bxc6 45. Ra6 Rh7 46. Rxc6+ Kd7 47. Rxf6 Rxh5 48. Kg2 Ke7 49. Ra6 Kd8 50. Bb4 Kc8 51. Rf6 Kb7 52. Be1 Ka7 53. Rf7 Kb8 54. Rd7 Rh8 55. Rxd5 Rf8 56. Rd7 1-0

[Event "24th European Women Club Cup 2019"]
[Site "Ulcinj"]
[Date "2019.11.13"]
[Round "4.23"]
[White "Federovski, Adi"]
[Black "Guseva, Marina"]
[Result "0-1"]
[ECO "B90"]
[WhiteElo "2005"]
[BlackElo "2366"]
[Annotator "NA"]
[PlyCount "90"]
[EventDate "2019.11.10"]
[EventType "team-tourn"]
[EventCountry "MNE"]
[SourceTitle "playchess.com"]
[Source "ChessBase"]
[SourceQuality "1"]
[WhiteTeam "Rishon Lezion"]
[BlackTeam "Ugra"]
[TimeControl "40/5400+30:1800+30"]

1. e4 c5 2. Nf3 d6 3. d4 cxd4 4. Nxd4 Nf6 5. Nc3 a6 6. h3 e5 7. Nb3 Be6 8. f4 g6 9. Be2 Nbd7 10. Be3 Rc8 11. O-O Be7 12. Qd2 exf4 13. Bxf4 O-O 14. Rad1 Ne5 15. Kh1 b5 16. a3 Qc7 17. Bg5 Ne8 18. Bh6 Ng7 19. Nd4 Rfd8 20. Nd5 Bxd5 21. exd5 Ne8 22. Qf4 Bf6 23. Bg4 Nxg4 24. Qxg4 Rd7 25. Rde1 Bxd4 26. Qxd4 Re7 27. Qg4 Rb8 28. Qd4 Re5 29. c3 Qe7 30. Rxe5 dxe5 31. Qd3 Rd8 32. Rd1 Nd6 33. Be3 Nc4 34. Bc1 e4 35. Qd4 e3 36. b3 e2 37. Re1 Nd6 38. c4 Nf5 39. Qf2 bxc4 40. bxc4 Qe4 41. Bg5 Re8 42. Qf4 Qd3 43. Qd2 Ng3+ 44. Kg1 Qxc4 45. d6 Qc5+ 0-1

[Event "24th European Women Club Cup 2019"]
[Site "Ulcinj"]
[Date "2019.11.13"]
[Round "4.24"]
[White "Kovanova, Baira"]
[Black "Vardi, Shlomit"]
[Result "1-0"]
[ECO "B06"]
[WhiteElo "2344"]
[BlackElo "1935"]
[Annotator "NA"]
[PlyCount "57"]
[EventDate "2019.11.10"]
[EventType "team-tourn"]
[EventCountry "MNE"]
[SourceTitle "playchess.com"]
[Source "ChessBase"]
[SourceQuality "1"]
[WhiteTeam "Ugra"]
[BlackTeam "Rishon Lezion"]
[TimeControl "40/5400+30:1800+30"]

1. e4 d6 2. d4 g6 3. Nc3 Bg7 4. Nf3 c6 5. Bd3 Nd7 6. Be3 e5 7. Qd2 a6 8. dxe5 Nxe5 9. Nxe5 dxe5 10. Na4 Nf6 11. Nb6 Rb8 12. Rd1 Nd7 13. Qb4 Qe7 14. Qc3 Nxb6 15. Bxb6 Bd7 16. O-O Rc8 17. Bc5 Qf6 18. a4 Bf8 19. Bxf8 Rxf8 20. f4 Qe7 21. fxe5 c5 22. Bc4 Bxa4 23. Rf6 b5 24. Bd5 b4 25. Qg3 c4 26. Rdf1 Qa7+ 27. Kh1 Rc7 28. e6 Re7 29. Rxf7 1-0

[Event "24th European Women Club Cup 2019"]
[Site "Ulcinj"]
[Date "2019.11.13"]
[Round "4.25"]
[White "Len, Irina"]
[Black "Rapport, Jovana"]
[Result "1/2-1/2"]
[ECO "E19"]
[WhiteElo "2036"]
[BlackElo "2379"]
[Annotator "NA"]
[PlyCount "145"]
[EventDate "2019.11.10"]
[EventType "team-tourn"]
[EventCountry "MNE"]
[SourceTitle "playchess.com"]
[Source "ChessBase"]
[SourceQuality "1"]
[WhiteTeam "Hertzeliya"]
[BlackTeam "MNE Woman Chess"]
[TimeControl "40/5400+30:1800+30"]

1. d4 Nf6 2. c4 e6 3. Nf3 b6 4. g3 Bb7 5. Bg2 Be7 6. O-O O-O 7. Nc3 Ne4 8. Qc2 Nxc3 9. Qxc3 c5 10. dxc5 bxc5 11. Rd1 d6 12. Bf4 Qb6 13. Bg5 Nc6 14. Bxe7 Nxe7 15. Rac1 Rfd8 16. Rd2 a5 17. Qe3 Rab8 18. Qf4 Ng6 19. Qe3 a4 20. h4 Bxf3 21. Bxf3 Ne5 22. Be4 Qb4 23. Rdc2 f5 24. Bg2 Re8 25. h5 h6 26. f4 Ng4 27. Qd3 Nf6 28. Bf3 Red8 29. Kg2 Qb6 30. Qa3 Qa6 31. Rd1 Rb4 32. Qe3 Kf7 33. Qd3 Rdb8 34. Rdd2 Ke7 35. Kf2 R8b6 36. Ke1 Qc8 37. e4 fxe4 38. Bxe4 Qb8 39. Qe2 Nxe4 40. Qxe4 Rxb2 41. Qg6 Rb1+ 42. Kf2 Qf8 43. Qg4 Qf6 44. Qf3 Qa1 45. Qa8 Rf1+ 46. Kg2 Rh1 47. Rf2 Qg1+ 48. Kf3 Qd1+ 49. Rce2 Rb2 50. Qe4 Rxe2 51. Rxe2 Qf1+ 52. Ke3 Qb1 53. Qc6 Qc1+ 54. Kf3 Qf1+ 55. Ke3 Qc1+ 56. Kf3 Rf1+ 57. Kg4 Qd1 58. Qc7+ Kf6 59. Qd8+ Kf7 60. Qd7+ Kg8 61. Qxe6+ Kh7 62. Qe4+ Kg8 63. Qe6+ Kh7 64. Kf5 Qd3+ 65. Re4 Rb1 66. Qg6+ Kg8 67. Qe8+ Kh7 68. g4 d5 69. Qg6+ Kh8 70. Qe8+ Kh7 71. Qg6+ Kh8 72. Qe8+ Kh7 73. Qg6+ 1/2-1/2

[Event "24th European Women Club Cup 2019"]
[Site "Ulcinj"]
[Date "2019.11.13"]
[Round "4.26"]
[White "Milovic, Aleksandra"]
[Black "Haitovich, Avital"]
[Result "1-0"]
[ECO "A00"]
[WhiteElo "2183"]
[BlackElo "1998"]
[Annotator "NA"]
[PlyCount "101"]
[EventDate "2019.11.10"]
[EventType "team-tourn"]
[EventCountry "MNE"]
[SourceTitle "playchess.com"]
[Source "ChessBase"]
[SourceQuality "1"]
[WhiteTeam "MNE Woman Chess"]
[BlackTeam "Hertzeliya"]
[TimeControl "40/5400+30:1800+30"]

1. Nc3 c5 2. Nf3 d6 3. d4 cxd4 4. Nxd4 Nf6 5. Bg5 Nbd7 6. Qd2 h6 7. Bh4 g6 8. O-O-O Bg7 9. e4 O-O 10. Be2 a6 11. g4 Nc5 12. f3 b5 13. g5 hxg5 14. Bxg5 Ne6 15. Nxe6 Bxe6 16. Nd5 Bxd5 17. exd5 Rc8 18. Kb1 Rc5 19. Bxf6 Bxf6 20. h4 Qc8 21. h5 Qf5 22. hxg6 fxg6 23. Bd3 Qe5 24. c3 Bg7 25. Bxg6 Rxf3 26. Bh7+ Kf8 27. Rhe1 Qf4 28. Qe2 Bf6 29. Qe6 Qg5 30. Rg1 Rg3 31. Rxg3 Qxg3 32. Rf1 Qg7 33. Bd3 Qf7 34. Qd7 Rxd5 35. Bc2 e6 36. Qc8+ Ke7 37. Qxa6 Qg7 38. Qb7+ Kd8 39. Qb8+ Ke7 40. Rh1 Qg2 41. Qa7+ Kf8 42. Rg1 Qe2 43. a3 Rg5 44. Qb8+ Kf7 45. Qc7+ Ke8 46. Rh1 Qg2 47. Rh6 Qf1+ 48. Ka2 Rg1 49. Bg6+ Rxg6 50. Rxg6 Qf5 51. Rg8# 1-0

[Event "24th European Women Club Cup 2019"]
[Site "Ulcinj"]
[Date "2019.11.13"]
[Round "4.27"]
[White "Yakovleva, Tatiana"]
[Black "Koljevic, Nikolina"]
[Result "1-0"]
[ECO "E16"]
[WhiteElo "1942"]
[BlackElo "1902"]
[Annotator "NA"]
[PlyCount "59"]
[EventDate "2019.11.10"]
[EventType "team-tourn"]
[EventCountry "MNE"]
[SourceTitle "playchess.com"]
[Source "ChessBase"]
[SourceQuality "1"]
[WhiteTeam "Hertzeliya"]
[BlackTeam "MNE Woman Chess"]
[TimeControl "40/5400+30:1800+30"]

1. d4 Nf6 2. c4 e6 3. Nf3 Bb4+ 4. Bd2 Qe7 5. Nc3 d5 6. c5 O-O 7. e3 b6 8. cxb6 axb6 9. a3 Bxc3 10. Bxc3 Ne4 11. Rc1 Bb7 12. Bd3 Nxc3 13. Rxc3 Rc8 14. O-O Na6 15. Qc2 f5 16. Rc1 c6 17. h3 Nb8 18. Ne5 Qd6 19. f4 Re8 20. g4 g6 21. g5 Kg7 22. Qe2 Rc8 23. Qc2 Re8 24. h4 Ra7 25. Qb3 b5 26. Qd1 b4 27. axb4 Qxb4 28. Rb3 Qd6 29. Ra1 Rxa1 30. Rxb7+ 1-0

[Event "24th European Women Club Cup 2019"]
[Site "Ulcinj"]
[Date "2019.11.13"]
[Round "4.28"]
[White "Rakic, Tijana"]
[Black "Lian, Marina"]
[Result "0-1"]
[ECO "C01"]
[WhiteElo "1680"]
[BlackElo "1855"]
[Annotator "NA"]
[PlyCount "54"]
[EventDate "2019.11.10"]
[EventType "team-tourn"]
[EventCountry "MNE"]
[SourceTitle "playchess.com"]
[Source "ChessBase"]
[SourceQuality "1"]
[WhiteTeam "MNE Woman Chess"]
[BlackTeam "Hertzeliya"]
[TimeControl "40/5400+30:1800+30"]

1. e4 e6 2. d4 d5 3. exd5 exd5 4. Bd3 c5 5. Nf3 Nc6 6. dxc5 Bxc5 7. O-O Nge7 8. h3 Qb6 9. Nc3 Qd8 10. Bf4 a6 11. a3 O-O 12. Ng5 h6 13. Qh5 Nf5 14. Bxf5 Bxf5 15. Nf3 Bxc2 16. Qxd5 Qb6 17. Qd2 Bb3 18. Ne4 Rfd8 19. Qc3 Bd4 20. Nxd4 Nxd4 21. Bc7 Qg6 22. Qe3 Rd7 23. Rac1 Bc2 24. Nc5 Rxc7 25. Qxd4 Rac8 26. Nd7 Be4 27. Rxc7 Qxg2# 0-1

[Event "24th European Women Club Cup 2019"]
[Site "Ulcinj"]
[Date "2019.11.14"]
[Round "5.1"]
[White "Koneru, Humpy"]
[Black "Dzagnidze, Nana"]
[Result "1-0"]
[ECO "D31"]
[WhiteElo "2577"]
[BlackElo "2502"]
[Annotator "ChessBase"]
[PlyCount "87"]
[EventDate "2019.11.10"]
[EventType "team-tourn"]
[EventCountry "MNE"]
[SourceTitle "playchess.com"]
[Source "ChessBase"]
[SourceQuality "1"]
[WhiteTeam "Cercle d`Echecs"]
[BlackTeam "Nona"]
[TimeControl "40/5400+30:1800+30"]

1. d4 d5 2. c4 e6 3. Nc3 c6 4. e4 dxe4 5. Nxe4 Bb4+ 6. Nc3 c5 7. a3 Bxc3+ 8. bxc3 Nf6 9. Nf3 O-O 10. Bd3 Nbd7 11. O-O b6 12. Ne5 Bb7 13. Bg5 cxd4 14. cxd4 Qc7 15. Re1 Nxe5 16. Rxe5 Rfd8 17. Re3 b5 18. Bxf6 gxf6 19. Qh5 Kf8 20. Qxh7 Rac8 21. d5 e5 22. Bf5 bxc4 23. Bxc8 Rxc8 24. Rd1 Qd6 25. Rg3 Ke7 26. Rg7 Rf8 27. Qe4 c3 28. Qc2 Qxa3 29. d6+ Ke6 30. Rg3 Qb2 31. Rxc3 Qxc2 32. Rxc2 Bc8 33. Rc7 Bd7 34. Rxa7 f5 35. f3 f4 36. Kf2 Rb8 37. h4 f5 38. Re1 Rh8 39. Ra5 Rxh4 40. Rexe5+ Kxd6 41. Rad5+ Kc6 42. Rd4 Rh7 43. Rxf4 Rf7 44. Rd4 {[%emt 0:00:39] Kd5} 1-0

[Event "24th European Women Club Cup 2019"]
[Site "Ulcinj"]
[Date "2019.11.14"]
[Round "5.3"]
[White "Socko, Monika"]
[Black "Batsiashvili, Nino"]
[Result "0-1"]
[ECO "E12"]
[WhiteElo "2417"]
[BlackElo "2422"]
[Annotator "NA"]
[PlyCount "66"]
[EventDate "2019.11.10"]
[EventType "team-tourn"]
[EventCountry "MNE"]
[SourceTitle "playchess.com"]
[Source "ChessBase"]
[SourceQuality "1"]
[WhiteTeam "Cercle d`Echecs"]
[BlackTeam "Nona"]
[TimeControl "40/5400+30:1800+30"]

1. d4 Nf6 2. c4 e6 3. Nf3 b6 4. Bf4 Bb7 $11 5. e3 Bb4+ 6. Nbd2 O-O 7. h3 d5 8. Rc1 c5 9. a3 Bxd2+ 10. Qxd2 cxd4 11. Qxd4 Nc6 12. Qd1 Qe7 13. Be2 Rfd8 14. Qa4 e5 15. cxd5 Rxd5 16. Bg3 e4 17. Nd4 Nxd4 18. exd4 e3 19. O-O Rg5 20. Qb3 Re8 21. Kh2 h5 22. h4 Bd5 23. Qd3 Ng4+ 24. Bxg4 Rxg4 25. f3 Rxg3 26. Kxg3 Qd6+ 27. f4 e2 28. Rg1 Re4 29. Qd2 g5 30. hxg5 h4+ 31. Kg4 Be6+ 32. Kxh4 Rxf4+ 33. g4 Rxg4+ 0-1

[Event "24th European Women Club Cup 2019"]
[Site "Ulcinj"]
[Date "2019.11.14"]
[Round "5.4"]
[White "Khotenashvili, Bela"]
[Black "Daulyte-Cornette, Deimante"]
[Result "1-0"]
[ECO "E15"]
[WhiteElo "2446"]
[BlackElo "2405"]
[Annotator "NA"]
[PlyCount "93"]
[EventDate "2019.11.10"]
[EventType "team-tourn"]
[EventCountry "MNE"]
[SourceTitle "playchess.com"]
[Source "ChessBase"]
[SourceQuality "1"]
[WhiteTeam "Nona"]
[BlackTeam "Cercle d`Echecs"]
[TimeControl "40/5400+30:1800+30"]

1. d4 Nf6 2. c4 e6 3. Nf3 b6 4. g3 Bb4+ 5. Bd2 Bxd2+ 6. Qxd2 Ba6 7. b3 O-O 8. Nc3 d5 9. cxd5 exd5 10. Bg2 c5 11. Ne5 Bb7 12. O-O Na6 13. Rfd1 Nc7 14. dxc5 bxc5 15. Rac1 Qe7 16. Nd3 Ne6 17. Nf4 Nxf4 18. Qxf4 Rfd8 19. Rc2 Rac8 20. Rdc1 Bc6 21. Nd1 Bb5 22. Ne3 d4 23. Nf5 Qf8 24. b4 Nd5 25. Bxd5 Rxd5 26. Rxc5 Rdxc5 27. Rxc5 Rxc5 28. bxc5 Bxe2 29. c6 Qb4 30. h4 Ba6 31. Qe5 Qf8 32. Qxd4 g6 33. Qxa7 gxf5 34. Qxa6 Qd6 35. Qc4 Qc7 36. Qd5 f4 37. Qd7 Qa5 38. Qg4+ Kf8 39. Qxf4 Qxa2 40. Qb8+ Kg7 41. Qe5+ f6 42. Qe7+ Kg6 43. c7 Qb1+ 44. Kg2 Qb7+ 45. Kh2 Qc6 46. h5+ Kf5 47. Qd8 1-0

[Event "24th European Women Club Cup 2019"]
[Site "Ulcinj"]
[Date "2019.11.14"]
[Round "5.8"]
[White "Osmak, Iulija"]
[Black "Rodshtein, Tereza"]
[Result "1-0"]
[ECO "D10"]
[WhiteElo "2401"]
[BlackElo "2195"]
[Annotator "NA"]
[PlyCount "87"]
[EventDate "2019.11.10"]
[EventType "team-tourn"]
[EventCountry "MNE"]
[SourceTitle "playchess.com"]
[Source "ChessBase"]
[SourceQuality "1"]
[WhiteTeam "Kyiv"]
[BlackTeam "Novy Bor"]
[TimeControl "40/5400+30:1800+30"]

1. d4 d5 2. c4 c6 3. cxd5 cxd5 4. Nc3 Nf6 5. Bf4 Nc6 6. e3 Bf5 7. Qb3 Na5 8. Qa4+ Bd7 9. Qc2 e6 10. Nf3 Be7 11. h3 Ne4 12. Bd3 f5 13. O-O O-O 14. Nxd5 exd5 15. Bc7 Qe8 16. Bxa5 Bd6 17. Qb3 Be6 18. Bb4 Qe7 19. Bxd6 Nxd6 20. Qa3 a6 21. Rfe1 Rad8 22. Rac1 Qf6 23. Bf1 g5 24. Ne5 g4 25. g3 f4 26. exf4 gxh3 27. Qf3 Kh8 28. Qh5 Nf5 29. Ng4 Qf7 30. Qxf7 Bxf7 31. Rcd1 Bh5 32. Bxh3 Rc8 33. Rd2 Rc4 34. Re5 Nxd4 35. Rxd4 Rxd4 36. Rxh5 Rd1+ 37. Kg2 d4 38. Ne5 Rf6 39. Rf5 Rb6 40. Rg5 Rf6 41. Be6 h6 42. Rg8+ Kh7 43. Bb3 Rd2 44. Nd7 1-0

[Event "24th European Women Club Cup 2019"]
[Site "Ulcinj"]
[Date "2019.11.14"]
[Round "5.9"]
[White "Mammadzada, Gunay"]
[Black "Gunina, Valentina"]
[Result "1-0"]
[ECO "B18"]
[WhiteElo "2427"]
[BlackElo "2509"]
[Annotator "ChessBase"]
[PlyCount "109"]
[EventDate "2019.11.10"]
[EventType "team-tourn"]
[EventCountry "MNE"]
[SourceTitle "playchess.com"]
[Source "ChessBase"]
[SourceQuality "1"]
[WhiteTeam "Odlar Yurdu"]
[BlackTeam "Maribor"]
[TimeControl "40/5400+30:1800+30"]

1. e4 c6 2. d4 d5 3. Nc3 dxe4 4. Nxe4 Bf5 5. Ng3 Bg6 6. h4 h6 7. Nf3 e6 8. Ne5 Bh7 9. Bd3 Bxd3 10. Qxd3 Nf6 11. O-O Be7 12. Rd1 Nbd7 13. Nxd7 Qxd7 14. c4 O-O-O 15. Qf3 Rhg8 16. Bf4 g5 17. hxg5 hxg5 18. Be5 g4 19. Qf4 Nh7 20. Qxf7 Ng5 21. Qf4 Rdf8 22. Qe3 Bd8 23. d5 b6 24. dxc6 Qxc6 25. Rd6 Qc5 26. Qxc5+ bxc5 27. Re1 Rg6 28. Ne4 Nf7 29. Rc6+ Kb7 30. Rxe6 Rxe6 31. Nxc5+ Kc8 32. Nxe6 Ba5 33. Nxf8 Bxe1 34. Bd4 Nd6 35. b3 a5 36. Kf1 Bb4 37. Nh7 a4 38. g3 Ne4 39. Nf6 Nd2+ 40. Ke2 axb3 41. axb3 Nxb3 42. Kd3 Ba5 43. Nxg4 Kd7 44. f4 Ke6 45. Ne3 Nc1+ 46. Ke4 Nb3 47. f5+ Kf7 48. g4 Nd2+ 49. Kd5 Nf3 50. c5 Bc7 51. c6 Ke7 52. Bc5+ Kd8 53. Bd6 Bb6 54. Nc4 Bf2 55. Ne5 1-0

[Event "24th European Women Club Cup 2019"]
[Site "Ulcinj"]
[Date "2019.11.14"]
[Round "5.10"]
[White "Caglar, Sila"]
[Black "Fataliyeva, Ulviyya"]
[Result "0-1"]
[ECO "C03"]
[WhiteElo "2242"]
[BlackElo "2368"]
[Annotator "NA"]
[PlyCount "64"]
[EventDate "2019.11.10"]
[EventType "team-tourn"]
[EventCountry "MNE"]
[SourceTitle "playchess.com"]
[Source "ChessBase"]
[SourceQuality "1"]
[WhiteTeam "Maribor"]
[BlackTeam "Odlar Yurdu"]
[TimeControl "40/5400+30:1800+30"]

1. e4 e6 2. d4 d5 3. Nd2 Be7 4. e5 c5 5. c3 Nc6 6. Bd3 Bd7 7. Ne2 cxd4 8. cxd4 Nh6 9. Nf3 Nf5 10. O-O Rc8 11. Bd2 O-O 12. Rc1 Kh8 13. Bc3 b5 14. Ng3 b4 15. Bd2 Ncxd4 16. Nxd4 Nxd4 17. Qg4 Nc6 18. Rce1 g6 19. Qh3 f5 20. exf6 Rxf6 21. Bg5 e5 22. Qh6 Re6 23. f4 e4 24. Nxe4 dxe4 25. Bxe4 Qf8 26. Qh4 Re8 27. Bxc6 Bxg5 28. Qxg5 Rxe1 29. Bxd7 Qd6 30. Bb5 Qb6+ 31. Kh1 Rxf1+ 32. Bxf1 Re1 0-1

[Event "24th European Women Club Cup 2019"]
[Site "Ulcinj"]
[Date "2019.11.14"]
[Round "5.11"]
[White "Mammadova, Gulnar"]
[Black "Vidic, Teja"]
[Result "1-0"]
[ECO "B20"]
[WhiteElo "2369"]
[BlackElo "2189"]
[Annotator "NA"]
[PlyCount "61"]
[EventDate "2019.11.10"]
[EventType "team-tourn"]
[EventCountry "MNE"]
[SourceTitle "playchess.com"]
[Source "ChessBase"]
[SourceQuality "1"]
[WhiteTeam "Odlar Yurdu"]
[BlackTeam "Maribor"]
[TimeControl "40/5400+30:1800+30"]

1. e4 c5 2. b3 d6 3. Bb2 e5 4. Bb5+ Nc6 5. Ne2 Nge7 6. O-O g6 7. c3 Bg7 8. d4 O-O 9. Na3 a6 10. Bxc6 Nxc6 11. Qd2 b5 12. Nc2 Bb7 13. d5 Ne7 14. f4 f5 15. c4 Nc8 16. exf5 gxf5 17. fxe5 dxe5 18. Ng3 Nd6 19. Rae1 Qe7 20. Nh5 Bh8 21. Qe3 Rae8 22. Qg3+ Kf7 23. Ne3 Rg8 24. Nxf5 Rxg3 25. Nxe7+ Kxe7 26. hxg3 bxc4 27. Bxe5 Bxe5 28. Rxe5+ Kd8 29. Rxe8+ Kxe8 30. bxc4 Nxc4 31. Rc1 1-0

[Event "24th European Women Club Cup 2019"]
[Site "Ulcinj"]
[Date "2019.11.14"]
[Round "5.12"]
[White "Mar, Karmen"]
[Black "Mamedjarova, Zeinab"]
[Result "1/2-1/2"]
[ECO "B01"]
[WhiteElo "2041"]
[BlackElo "2280"]
[Annotator "NA"]
[PlyCount "52"]
[EventDate "2019.11.10"]
[EventType "team-tourn"]
[EventCountry "MNE"]
[SourceTitle "playchess.com"]
[Source "ChessBase"]
[SourceQuality "1"]
[WhiteTeam "Maribor"]
[BlackTeam "Odlar Yurdu"]
[TimeControl "40/5400+30:1800+30"]

1. e4 d5 2. exd5 Qxd5 3. Nc3 Qd8 4. d4 Nf6 5. Nf3 e6 6. Ne5 Be7 7. Be3 Nbd7 8. Qf3 c6 9. Qg3 g6 10. O-O-O Nd5 11. Bd2 Nxc3 12. Bxc3 Nxe5 13. dxe5 Qc7 14. Be2 Bd7 15. Bd4 O-O-O 16. h4 h5 17. Be3 c5 18. Bg5 Bc6 19. Bxe7 Qxe7 20. Bf3 Bd5 21. Bxd5 exd5 22. Rhe1 Qe6 23. Qa3 Qb6 24. Qf3 Qe6 25. Qa3 Qb6 26. Qf3 Qe6 1/2-1/2